 Dungeon Crawl Stone Soup version 0.29-a0-1019-g84f7d21838 (webtiles) character file.

Game seed: 11407007037903430904

1208 porpoise the Trooper (level 8, -2/71 HPs)
             Began as a White Draconian Transmuter on Aug 11, 2022.
             Slain by a necrophage (5 damage)
             ... on level 6 of the Dungeon.
             The game lasted 00:21:58 (6700 turns).

porpoise the Trooper (White Draconian Transmuter)   Turns: 6700, Time: 00:21:58

Health: -2/71      AC:  8    Str: 13    XL:     8   Next: 21%
Magic:  13/14      EV: 12    Int: 14    God:
Gold:   197        SH:  0    Dex: 13    Spells: 8/15 levels left

rFire   . . .      SeeInvis .   a - +8 whip "Navvuowk" {freeze, rElec}
rCold   + . .      Faith    .   (no shield)
rNeg    + . .      Spirit   .   (body armour unavailable)
rPois   +          Reflect  .   (helmet currently unavailable)
rElec   +          Harm     .   k - +0 cloak
rCorr   .          Rampage  .   w - +0 pair of gloves
Will    .....                   (boots currently unavailable)
Stlth   +.........              (no amulet)
HPRegen 0.21/turn               f - ring of positive energy
MPRegen 0.14/turn               j - ring of poison resistance

@: mighty, appendages
A: horns 2, talons 2, breathe frost, AC +6, unfitting armour, cold resistance 1,
cold-blooded
a: Breathe Frost, End Transformation


You were on level 6 of the Dungeon.
You had temporarily grown beastly horns and talons.
You visited 2 branches of the dungeon, and saw 7 of its levels.

You collected 197 gold pieces.

Inventory:

Hand Weapons
 a - the +8 whip "Navvuowk" (weapon) {freeze, rElec}
   (You took it off a gnoll on level 3 of the Dungeon)

   It freezes those it strikes, dealing additional cold damage.
   It can also slow down cold-blooded creatures.
   rElec:     It insulates you from electricity.
 b - a +1 sling
 m - a +0 short sword
 n - a +3 spectral club
 q - a +4 trident of venom
 u - a +2 dagger of venom
Missiles
 c - 9 poisoned darts
 e - 2 throwing nets
Armour
 k - a +0 cloak (worn)
 w - a +0 pair of gloves (worn)
Magical Staves
 p - a staff of poison
 v - a staff of conjuration
Jewellery
 f - a ring of positive energy (left hand)
 g - an amulet of magic regeneration
 h - an amulet of the acrobat
 j - a ring of poison resistance (right hand)
 o - a ring of wizardry
Wands
 s - a wand of light (8)
Scrolls
 d - 5 scrolls of identify
Potions
 i - a potion of haste
 l - a potion of lignification
 r - a potion of might


   Skills:
 + Level 6.7 Fighting
 - Level 2.0 Maces & Flails
 - Level 1.7 Dodging
 - Level 3.0 Unarmed Combat
 + Level 4.0 Spellcasting
 + Level 6.4 Transmutations


You had 8 spell levels left.
You knew the following spells:

 Your Spells              Type           Power      Damage    Failure   Level
a - Beastly Appendage     Tmut           42%        N/A       1%          1
o - Olgreb's Toxic Radia  Pois           2%         N/A       88%         4
w - Wereblood             Tmut           21%        N/A       1%          2

Your spell library contained the following spells:

 Spells                   Type           Power      Damage    Failure   Level
 Sting                    Tmut/Pois      44%        1d5       4%          1
 Spider Form              Tmut/Pois      11%        N/A       16%         3
 Poisonous Vapours        Pois/Air       4%         N/A       28%         2
 Ice Form                 Ice/Tmut       11%        N/A       45%         4


Dungeon Overview and Level Annotations

Branches:
Dungeon (6/15)             Temple (1/1) D:6

Altars:
Ashenzari
Cheibriados
Dithmenos
Elyvilon
Fedhas
Kikubaaqudgha
Makhleb
Okawaru
Qazlal
Ru
Sif Muna
Trog
Uskayaw
Wu Jian
Xom
Zin
The Shining One

Shops:
D:3 *

Portals:
Abyss: D:3

Annotations:
D:3 2 transporters, Pooter's ghost, amateur GnSu


Innate Abilities, Weirdness & Mutations

You have temporarily grown beastly horns and talons.
You can breathe waves of freezing cold which knock back foes.
Your icy white scales are hard. (AC +6)
You cannot fit into any form of body armour.
Your flesh is cold resistant. (rC+)
You are cold-blooded and may be slowed by cold attacks.


Message History

The black bear is severely wounded.
The black bear barely misses you. The black bear closely misses you.
The black bear completely misses you.
The necrophage hits you but does no damage.
You hit the black bear. You freeze the black bear.
You tail-slap the black bear.
You kill the black bear!
The necrophage hits you but does no damage.
An orc comes into view.
It is wielding the +5 sling of Weceyth {freeze, Fly rElec MP-9}.
Your life force feels restored.
Your Spellcasting skill increases to level 4!
The orc shouts!
The necrophage misses you.
Things that are here:
a +0 morningstar; a +0 arbalest; a +0 chain mail The necrophage attacks as you move away!
The necrophage hits you but does no damage.
An orc priest comes into view. It is wielding a +0 whip.
The orc hits you but does no damage.
The orc priest shouts!
You hit the orc. You freeze the orc. You claw the orc.
You kill the orc!
The orc shoots a sling bullet.
The sling bullet barely misses you.
The sling bullet closely misses the necrophage.
The necrophage hits you but does no damage.
You hear an angry hiss.
An iguana comes into view.
The iguana hisses angrily.
The orc shoots a sling bullet.
The sling bullet closely misses you.
The sling bullet barely misses the necrophage.
The orc priest calls down the wrath of Beogh upon you.
Beogh smites you!
* * * LOW HITPOINT WARNING * * *
Okay, then.
It was a potion of might.
You feel very mighty all of a sudden.
The orc shoots a sling bullet.
The sling bullet misses you.
The sling bullet barely misses the necrophage.
The necrophage hits you.
You die...

....#.......
.##.#...................
...........##...........
...........#.......<###.
...................##...
...........##...........
..........# #...........
..........###...........
..l.oo.@n).###..........
........))).............
.........##.............
.........##...#.........
.....##.###.###.........
..... #......#..........
#... #...>..#..........
#.......................
................#..#


You could see a necrophage, an iguana, an orc priest and an orc.

Vanquished Creatures
  A water moccasin (D:5)
  An orc warrior (D:6)
  2 black bears (D:6)
  2 scorpions (D:5)
  A gnoll sergeant (D:5)
  2 howler monkeys
  A hound (D:6)
  Jessica (D:3)
  5 iguanas
  2 orc wizards (D:6)
  11 adders
  14 gnolls
  2 dart slugs
  5 orcs
  4 ball pythons
  3 bat zombies (D:4)
  5 endoplasms (D:1)
  9 giant cockroaches
  7 goblins
  8 hobgoblins
  9 jackals
  5 kobolds
  6 quokkas
  7 bats
  10 frilled lizards
  3 rats
  4 rat zombies (D:4)
130 creatures vanquished.

Vanquished Creatures (others)
  6 plants
6 creatures vanquished.

Grand Total: 136 creatures vanquished

Notes
Turn   | Place    | Note
-------+----------+-------------------------------------------
     0 | D:1      | porpoise the Draconian Transmuter began the quest for the
                  | Orb.
     0 | D:1      | Reached XP level 1. HP: 16/16 MP: 3/3
   261 | D:1      | Reached XP level 2. HP: 16/24 MP: 3/5
   656 | D:1      | Learned a level 2 spell: Wereblood
   689 | D:1      | Found a faded altar of an unknown god.
  1590 | D:2      | Reached XP level 3. HP: 30/30 MP: 4/6
  1927 | D:2      | Found a blossoming altar of Fedhas.
  2222 | D:3      | Found a shadowy altar of Dithmenos.
  2316 | D:3      | Found a transporter.
  2318 | D:3      | Found a one-way gate to the infinite horrors of the Abyss.
  2318 | D:3      | Noticed Pooter's ghost (amateur GnSu)
  2327 | D:3      | Noticed a toenail golem
  2342 | D:3      | Noticed Jessica
  2350 | D:3      | Killed Jessica
  2351 | D:3      | Reached XP level 4. HP: 33/38 MP: 5/7
  2469 | D:3      | Found Ibuubal's General Store.
  2560 | D:3      | Noticed a small abomination
  2562 | D:3      | Found a transporter.
  2572 | D:3      | Identified the +8 whip "Navvuowk" {freeze, rElec}
  2767 | D:3      | Noticed a small abomination
  3023 | D:3      | Reached XP level 5. HP: 46/46 MP: 6/8
  3217 | D:4      | Learned a level 4 spell: Olgreb's Toxic Radiance
  3662 | D:4      | Found an ancient bone altar of Kikubaaqudgha.
  3760 | D:4      | Reached XP level 6. HP: 53/53 MP: 7/9
  4112 | D:5      | Entered Level 5 of the Dungeon
  4123 | D:5      | Reached skill level 5 in Fighting
  4123 | D:5      | Reached skill level 5 in Transmutations
  4533 | D:5      | Noticed a water moccasin
  4541 | D:5      | Killed a water moccasin
  4542 | D:5      | Your scales start taking on an icy white colour.
  4542 | D:5      | Reached XP level 7. HP: 50/61 MP: 8/10
  4542 | D:5      | Gained mutation: Your flesh is cold resistant. (rC+) [White
                  | Draconian growth]
  6425 | D:6      | Found a staircase to the Ecumenical Temple.
  6438 | D:6      | Reached skill level 1 in Maces & Flails
  6441 | Temple   | Entered the Ecumenical Temple
  6687 | D:6      | Reached XP level 8. HP: 27/71 MP: 11/13
  6695 | D:6      | Identified the +5 sling of Weceyth {freeze, Fly rElec MP-9}
  6699 | D:6      | HP: 3/71 [orc priest/divine providence (12)]
  6700 | D:6      | Slain by a necrophage

Illustrated notes

Levels and vault maps discovered:
D:1:      heliophobic_arrival_enchanted_forest, layout_loops_corners,
          ebering_ecumenical_altar_abandoned
D:2:      layout_rooms, basic_altar, corner_web_ring
D:3:      layout_loops_ring, grunt_dithmenos_smoke,
          gammafunk_ghost_abyssal_escape, serial_shops, shop, minmay_between,
          uniq_jessica
D:4:      layout_loops_ring, lemuel_zombie_altar_kikubaaqudgha,
          minmay_lizard_king
D:5:      layout_loops_corners, nicolae_elevator_lobby_asterisk
D:6:      layout_cave_pools, minmay_temple_entry_gardened_gates,
          kennysheep_potato, uniq_pikel
Temple:   minmay_freezing_vapour_temple

Skill      XL: |  1  2  3  4  5  6  7  8 |
---------------+-------------------------+-----
Fighting       | 2 3 4 5 6 |  6.7
Transmutations | 3 4 5 6 |  6.4
Spellcasting   | 3 4 |  4.0
Maces & Flails | 2 |  2.0
Dodging        | |  1.7
Unarmed Combat | |  3.0

Action                   |  1- 3 |  4- 6 |  7- 9 || total
-------------------------+-------+-------+-------++-------
Melee: Unarmed           |    10 |       |       ||    10
       Dagger            |    60 |       |       ||    60
       Kick              |    20 |    20 |    19 ||    59
       Headbutt          |    17 |     7 |    15 ||    39
       Tailslap          |     8 |    10 |     7 ||    25
       Punch             |     2 |     1 |     1 ||     4
       Short sword       |    43 |     2 |       ||    45
       Club              |       |    15 |       ||    15
       Whip              |       |   105 |    77 ||   182
       Trident           |       |       |    10 ||    10
 Fire: Sling             |       |    10 |     4 ||    14
 Cast: Beastly Appendage |    27 |    17 |    15 ||    59
       Wereblood         |     1 |     2 |     1 ||     4
  Use: Scroll            |     1 |     6 |       ||     7
       Potion            |       |       |     4 ||     4
 Stab: Sleeping          |     1 |     1 |       ||     2
Armor: Skin              |    21 |    53 |    34 ||   108
Dodge: Dodged            |    60 |    74 |    74 ||   208

Table legend: (Time is in decaauts)
 A = Elapsed time spent in this place.
 B = Non-inter-level travel time spent in this place.
 C = Inter-level travel time spent in this place.
 D = Time resting spent in this place.
 E = Time spent auto-exploring this place.
 F = Levels seen in this place.
 G = Mean time per level.
                   A        B        C        D        E       F      G
               +--------+--------+--------+--------+--------+-----+--------+
         Total |   6704 |   6531 |    173 |   2142 |   3352 |   7 |  957.7 |
       Dungeon |   6684 |   6513 |    171 |   2142 |   3337 |   6 | 1114.0 |
        Temple |     20 |     18 |      2 |      0 |     15 |   1 |   20.0 |
               +--------+--------+--------+--------+--------+-----+--------+

Top non-repeatable levels by time:
     D:5: 1828 daAuts
     D:1: 1586 daAuts
     D:4: 1240 daAuts
     D:3: 1039 daAuts
     D:2: 517 daAuts
     D:6: 471 daAuts
  Temple: 20 daAuts
